[Event "ICC tourney 2217 (45 10)"]
[Site "Internet Chess Club"]
[Date "2020.12.19"]
[Round "2"]
[White "aChessRookie"]
[Black "AdrielBarretto"]
[Result "0-1"]
[ICCResult "White resigns"]
[WhiteElo "1202"]
[BlackElo "1419"]
[Opening "Sicilian"]
[ECO "B54"]
[NIC "SI.01"]
[Time "12:32:17"]
[PlyCount "120"]
[TimeControl "2700+10"]

1. e4 c5 2. Nf3 d6 3. d4 cxd4 4. Nxd4 g6 5. Nc3 Bg7 6. Be2 Nf6 7. O-O O-O
8. Be3 Bd7 9. Qd2 Nc6 10. Rad1 Ng4 11. Bxg4 Bxg4 12. f3 Bd7 13. Nxc6 bxc6
14. Bh6 Rb8 15. Bxg7 Kxg7 16. b3 Qb6+ 17. Qd4+ Qxd4+ 18. Rxd4 Be6 19. f4 f5
20. g3 fxe4 21. Nxe4 Bf5 22. c4 c5 23. Rd2 Bxe4 24. Re1 Bb7 25. Rxe7+ Kg8
26. Rxd6 Bf3 27. Rdd7 Rfe8 28. Rg7+ Kh8 29. Rxh7+ Kg8 30. Rxa7 Ra8 31.
Rag7+ Kf8 32. Rc7 Kg8 33. Rcg7+ Kf8 34. Ra7 Rxa7 35. Rxa7 Re2 36. Ra5 Rg2+
37. Kf1 Rxh2 38. Ra7 Rg2 39. Ra5 Be4 40. a3 Rxg3 41. b4 cxb4 42. axb4 Bd3+
43. Kf2 Rh3 44. Ra3 Rh2+ 45. Kg3 Rd2 46. c5 Bf5 47. Rb3 Rd5 48. Rc3 Rd4 49.
b5 Rb4 50. b6 Ke7 51. c6 Kd8 52. Rc1 Rxb6 53. c7+ Kc8 54. Kh4 Rb7 55. Kg5
Rxc7 56. Rxc7+ Kxc7 57. Kf6 Kd6 58. Kg5 Kd5 59. Kf6 Ke4 60. Kg5 Kf3 { White
resigns } 0-1

[Event "ICC tourney 2217 (45 10)"]
[Site "Internet Chess Club"]
[Date "2020.12.19"]
[Round "2"]
[White "narayan0811"]
[Black "edenhe"]
[Result "1-0"]
[ICCResult "Black checkmated"]
[WhiteElo "1356"]
[BlackElo "1518"]
[Opening "French: exchange variation"]
[ECO "C01"]
[NIC "FR.01"]
[Time "12:32:12"]
[PlyCount "117"]
[TimeControl "2700+10"]

1. e4 e6 2. d4 d5 3. exd5 exd5 4. c4 c6 5. Nf3 Nf6 6. Nc3 Bb4 7. Bd2 O-O 8.
cxd5 Re8+ 9. Be2 Nxd5 10. O-O Bf8 11. Bc4 Be6 12. Bxd5 Bxd5 13. Nxd5 Qxd5
14. Qb3 Qd7 15. Rfe1 Rd8 16. Bg5 Rc8 17. Ne5 Qc7 18. Re3 Bd6 19. Bf4 Rd8
20. Rf3 Bxe5 21. Bxe5 Qe7 22. Rg3 g6 23. Qe3 f5 24. Rh3 Nd7 25. Qb3+ Kf8
26. Bf4 Kg7 27. Re3 Qf7 28. Rae1 Qxb3 29. axb3 a6 30. Re7+ Kg8 31. Bc7 Nf6
32. Bxd8 Rxd8 33. Rxb7 Rxd4 34. g3 Ne4 35. f3 Nd6 36. Rd7 Kf8 37. Re6 Nb5
38. Rxd4 Nxd4 39. Rd6 Nxb3 40. Rxc6 Nd4 41. Rxa6 Nxf3+ 42. Kg2 Nd4 43. Ra7
Kg8 44. Kf2 Nc6 45. Rc7 Ne5 46. Ke2 Nf7 47. b4 Nd6 48. Rd7 Nb5 49. Kd3 h6
50. Kc4 Na3+ 51. Kc5 g5 52. Ra7 Nb1 53. b5 Nc3 54. b6 Ne4+ 55. Kc6 Nf6 56.
b7 Kg7 57. b8=Q+ Kg6 58. Qf8 Ng4 59. Qf7# { Black checkmated } 1-0

[Event "ICC tourney 2217 (45 10)"]
[Site "Internet Chess Club"]
[Date "2020.12.19"]
[Round "2"]
[White "isaaclharris"]
[Black "phosur"]
[Result "0-1"]
[ICCResult "White resigns"]
[WhiteElo "1511"]
[BlackElo "1347"]
[Opening "QGD: Orthodox defense, Botvinnik variation"]
[ECO "D60"]
[NIC "QO.12"]
[Time "12:32:12"]
[PlyCount "100"]
[TimeControl "2700+10"]

1. d4 d5 2. c4 e6 3. Nc3 Nf6 4. Bg5 Be7 5. e3 O-O 6. Nf3 Nbd7 7. Bd3 dxc4
8. Bxc4 a6 9. O-O b5 10. Bd3 Re8 11. Rc1 Nf8 12. a3 c5 13. dxc5 Bxc5 14.
Qc2 Ng6 15. Rfd1 Bd7 16. Nxb5 Bb6 17. Nd6 Rf8 18. Bxg6 fxg6 19. Ne5 Qe7 20.
Nc6 Bxc6 21. Qxc6 Ba7 22. Nb7 Rab8 23. Nc5 Bxc5 24. Rxc5 Qf7 25. f3 Ng4 26.
Bf4 e5 27. Bxe5 Nxe5 28. Rxe5 Rxb2 29. Qxa6 Rxg2+ 30. Kh1 Qxf3 31. Qc4+ Kh8
32. Qe4 Qxd1+ 33. Kxg2 Qe2+ 34. Kg3 Qf2+ 35. Kg4 h5+ 36. Rxh5+ gxh5+ 37.
Kg5 Qf6+ 38. Kxh5 Qf5+ 39. Qxf5 Rxf5+ 40. Kg4 Ra5 41. e4 Rxa3 42. e5 Ra6
43. Kf5 Kg8 44. h4 Kf7 45. h5 Rh6 46. Kg5 Ke6 47. Kg4 Kxe5 48. Kg5 Ke6 49.
Kg4 Kf6 50. Kh4 Kf5 { White resigns } 0-1

[Event "ICC tourney 2217 (45 10)"]
[Site "Internet Chess Club"]
[Date "2020.12.19"]
[Round "2"]
[White "trucker"]
[Black "Mannansh"]
[Result "0-1"]
[ICCResult "White checkmated"]
[WhiteElo "1610"]
[BlackElo "1257"]
[Opening "Scandinavian defense"]
[ECO "B01"]
[NIC "SD.03"]
[Time "12:32:17"]
[PlyCount "108"]
[TimeControl "2700+10"]

1. e4 d5 2. exd5 Nf6 3. d4 Bg4 4. Be2 Bxe2 5. Qxe2 Nxd5 6. Nf3 g6 7. Qb5+
Nc6 8. Nc3 Nb4 9. O-O a6 10. Qe2 Nxd4 11. Nxd4 Qxd4 12. Be3 Qe5 13. Qc4
Nxc2 14. Qa4+ b5 15. Qxc2 e6 16. Qe4 Qxe4 17. Nxe4 Bg7 18. Bc5 Bxb2 19.
Rad1 h6 20. Rfe1 Rd8 21. Rxd8+ Kxd8 22. Rb1 Bg7 23. a4 bxa4 24. Rb8+ Kd7
25. Rb4 f5 26. Ng3 a3 27. Ra4 Bf8 28. Bd4 Rg8 29. Rxa6 Bd6 30. Nf1 Rb8 31.
g3 e5 32. Be3 g5 33. Bd2 Rb1 34. Kg2 Rb2 35. h4 Bc5 36. Be3 Bxe3 37. Nxe3
f4 38. Nc4 Rc2 39. Nxe5+ Kc8 40. Rxa3 gxh4 41. gxh4 c5 42. Ng4 c4 43. Nxh6
c3 44. Nf5 Rc1 45. h5 c2 46. h6 Rg1+ 47. Kxg1 c1=Q+ 48. Kg2 Qxa3 49. h7 Qf8
50. Ne7+ Kd7 51. Ng6 f3+ 52. Kg1 Qg7 53. h8=Q Qxg6+ 54. Kf1 Qb1# { White
checkmated } 0-1

[Event "ICC tourney 2217 (45 10)"]
[Site "Internet Chess Club"]
[Date "2020.12.19"]
[Round "3"]
[White "AdrielBarretto"]
[Black "trucker"]
[Result "0-1"]
[ICCResult "White checkmated"]
[WhiteElo "1419"]
[BlackElo "1610"]
[Opening "Giuoco Piano"]
[ECO "C53"]
[NIC "IG.02"]
[Time "15:01:28"]
[PlyCount "114"]
[TimeControl "2700+10"]

1. e4 e5 2. Nf3 Nc6 3. Bc4 Bc5 4. c3 d6 5. d4 exd4 6. cxd4 Bb4+ 7. Bd2
Bxd2+ 8. Nbxd2 Nf6 9. O-O O-O 10. Re1 Bg4 11. h3 Bh5 12. Qc2 d5 13. exd5
Nxd5 14. Bb5 Bg6 15. Qc5 Ndb4 16. Ba4 Nd3 17. Qc3 Nxe1 18. Rxe1 Qf6 19.
Bxc6 Qxc6 20. Qa3 Rfe8 21. Rf1 Re2 22. Nb3 Qc2 23. Nfd2 Rxd2 24. Nxd2 Qxd2
25. Qc5 Bd3 26. Rc1 c6 27. d5 Be4 28. dxc6 Bxc6 29. Rc2 Qd5 30. Qxd5 Bxd5
31. a3 Re8 32. Rd2 Bc6 33. Kh2 h5 34. Kg3 g5 35. f3 Kg7 36. Kf2 f5 37. Rc2
Kf6 38. Rc5 Re5 39. Rc4 h4 40. Rd4 a5 41. b4 axb4 42. axb4 Rd5 43. Rc4 Rd2+
44. Kg1 Rb2 45. Kf1 Bb5 46. Kg1 Bxc4 47. Kh2 Rxb4 48. Kg1 Rb2 49. Kh2 b5
50. f4 gxf4 51. Kg1 b4 52. Kh2 b3 53. Kg1 Bd5 54. Kh2 Rxg2+ 55. Kh1 Rc2+
56. Kg1 b2 57. Kf1 b1=Q# { White checkmated } 0-1

[Event "ICC tourney 2217 (45 10)"]
[Site "Internet Chess Club"]
[Date "2020.12.19"]
[Round "3"]
[White "wildrumpus"]
[Black "Elias1302"]
[Result "1-0"]
[ICCResult "Black checkmated"]
[WhiteElo "1535"]
[BlackElo "1609"]
[Opening "Queen's pawn"]
[ECO "A40"]
[NIC "QO.17"]
[Time "15:02:11"]
[PlyCount "59"]
[TimeControl "2700+10"]

1. d4 e6 2. e3 Nf6 3. Bd3 d5 4. Nd2 c5 5. c3 Nc6 6. f4 Bd6 7. Ngf3 cxd4 8.
cxd4 Nb4 9. Bb1 Bd7 10. a3 Nc6 11. O-O O-O 12. Ne5 Bxe5 13. fxe5 Ne4 14.
Nxe4 dxe4 15. Bxe4 Qh4 16. Rf4 Qh6 17. Qf3 g5 18. Rf6 Qh4 19. Bd2 g4 20.
Qf4 Qh5 21. Rh6 Qxh6 22. Qxh6 f5 23. exf6 Rf7 24. Rf1 Re8 25. Qg5+ Kh8 26.
Qh5 Nd8 27. Bg6 Kg8 28. Bxf7+ Nxf7 29. Qxg4+ Kf8 30. Qg7# { Black
checkmated } 1-0

[Event "ICC tourney 2217 (45 10)"]
[Site "Internet Chess Club"]
[Date "2020.12.19"]
[Round "3"]
[White "ElijahL2020"]
[Black "Jeffchess"]
[Result "1-0"]
[ICCResult "Black resigns"]
[WhiteElo "1311"]
[BlackElo "1254"]
[Opening "French: advance variation"]
[ECO "C01"]
[NIC "FR.01"]
[Time "15:01:22"]
[PlyCount "149"]
[TimeControl "2700+10"]

1. e4 e6 2. d4 c5 3. c3 d5 4. e5 c4 5. Nf3 b5 6. a3 a5 7. Bf4 a4 8. Nbd2
Nc6 9. Be2 Na5 10. O-O Nb3 11. Nxb3 axb3 12. Qd2 h6 13. Rfe1 g5 14. Bg3 g4
15. Nh4 Be7 16. Bxg4 Bxh4 17. Bxh4 Qxh4 18. h3 h5 19. g3 Qe7 20. Bf3 h4 21.
g4 Bb7 22. Bg2 O-O-O 23. f4 f5 24. g5 Nh6 25. gxh6 Rdg8 26. Re2 Rg3 27. Kh2
Rxh6 28. Rg1 Rhg6 29. Re3 Qg7 30. Rxg3 Rxg3 31. Qf2 Bc6 32. Bf3 Rxg1 33.
Qxg1 Qxg1+ 34. Kxg1 Be8 35. Kf2 Kd8 36. Kg2 Ke7 37. Kf2 Kf8 38. Kg2 Kg7 39.
Kf2 Kh6 40. Kg2 Kh7 41. Kf2 Kg8 42. Kg2 Kf8 43. Kf2 Ke7 44. Kg2 Kd7 45. Kf2
Kc6 46. Ke2 Kb6 47. Kd2 Ka5 48. Kc1 Ka4 49. Kd2 b4 50. axb4 Bf7 51. Ke2 Kb5
52. Ke3 Kc6 53. Be2 Bg8 54. Bf3 Bh7 55. Bh5 Kc7 56. Bf7 Kc6 57. Bxe6 Bg6
58. b5+ Kxb5 59. Bxd5 Be8 60. Be6 Bg6 61. d5 Kc5 62. d6 Kc6 63. Bxc4 Kd7
64. Bxb3 Bh5 65. Kf2 Be8 66. Ba4+ Kd8 67. Bxe8 Kxe8 68. e6 Kd8 69. c4 Kc8
70. c5 Kd8 71. b4 Kc8 72. b5 Kd8 73. c6 Kc8 74. b6 Kb8 75. d7 { Black
resigns } 1-0

[Event "ICC tourney 2217 (45 10)"]
[Site "Internet Chess Club"]
[Date "2020.12.19"]
[Round "3"]
[White "edenhe"]
[Black "phosur"]
[Result "1-0"]
[ICCResult "Black resigns"]
[WhiteElo "1518"]
[BlackElo "1347"]
[Opening "Queen's gambit declined"]
[ECO "D30"]
[NIC "QO.04"]
[Time "15:01:19"]
[PlyCount "105"]
[TimeControl "2700+10"]

1. d4 d5 2. c4 e6 3. Nf3 Nf6 4. Bf4 Be7 5. e3 O-O 6. Nc3 Re8 7. Be2 dxc4 8.
Bxc4 Nbd7 9. O-O Nf8 10. Ne5 Ng6 11. Nxg6 hxg6 12. Nb5 Bd6 13. Nxd6 cxd6
14. Qb3 Nh5 15. Bg3 Nxg3 16. hxg3 d5 17. Bd3 e5 18. dxe5 Rxe5 19. Qc3 Rh5
20. Be2 Rh6 21. Bf3 Qg5 22. Rfd1 Be6 23. Rd4 Rh7 24. Rad1 Rd8 25. Qb3 Qh6
26. Kf1 Rc8 27. Ke2 Bf5 28. Rh4 Bc2 29. Qxd5 Bxd1+ 30. Kxd1 Qxh4 31. gxh4
Rxh4 32. g3 Rhc4 33. Qxb7 Rc1+ 34. Kd2 R8c2+ 35. Kd3 Rxf2 36. Qxa7 Rxf3 37.
Qa8+ Kh7 38. Qxf3 Rb1 39. Kc2 Ra1 40. a3 g5 41. Qh5+ Kg8 42. Qxg5 f6 43.
Qf4 Re1 44. b4 Ra1 45. Kb2 Rd1 46. Kb3 Kh7 47. Qe4+ Kh8 48. Qe8+ Kh7 49.
Qh5+ Kg8 50. Qxd1 g5 51. b5 f5 52. b6 g4 53. b7 { Black resigns } 1-0

[Event "ICC tourney 2217 (45 10)"]
[Site "Internet Chess Club"]
[Date "2020.12.19"]
[Round "3"]
[White "Eagle2020"]
[Black "UltimateDL"]
[Result "0-1"]
[ICCResult "White checkmated"]
[WhiteElo "1505"]
[BlackElo "1480"]
[Opening "Sicilian: Alapin's variation (2.c3)"]
[ECO "B22"]
[NIC "SI.46"]
[Time "15:01:21"]
[PlyCount "94"]
[TimeControl "2700+10"]

1. e4 c5 2. c3 d5 3. exd5 Qxd5 4. d4 Bf5 5. Nf3 Nc6 6. Be3 cxd4 7. Nxd4 Nf6
8. Nxc6 Qxc6 9. Qb3 a6 10. Nd2 e5 11. Qc4 Qd7 12. Be2 Rc8 13. Qb3 Be7 14.
O-O O-O 15. Rad1 Qc7 16. Bb6 Qc6 17. Nf3 Nd7 18. Be3 Qc7 19. Bg5 Bxg5 20.
Nxg5 Nc5 21. Qd5 Rcd8 22. Qf3 Bg6 23. Bc4 h6 24. Nh3 e4 25. Qg3 Qxg3 26.
hxg3 Nd3 27. Rd2 Ne5 28. Bd5 Bf5 29. Rfd1 Bxh3 30. f4 e3 31. Rd4 Bg4 32.
Re1 Nc6 33. Rd3 Ne7 34. c4 Nxd5 35. cxd5 e2 36. Rd4 f5 37. d6 Rf6 38. d7
Rf7 39. Rc1 Rfxd7 40. Rxd7 Rxd7 41. Rc8+ Kf7 42. Rc1 Rd1+ 43. Rxd1 exd1=Q+
44. Kh2 Qf1 45. b4 Qf2 46. b5 Bf3 47. bxa6 Qxg2# { White checkmated } 0-1

[Event "ICC tourney 2217 (45 10)"]
[Site "Internet Chess Club"]
[Date "2020.12.19"]
[Round "3"]
[White "smartgoldfish"]
[Black "cohaji"]
[Result "1-0"]
[ICCResult "Black resigns"]
[WhiteElo "1181"]
[BlackElo "1500"]
[Opening "Sicilian: Hungarian variation"]
[ECO "B27"]
[NIC "SI.43"]
[Time "15:16:55"]
[PlyCount "75"]
[TimeControl "2700+10"]

1. e4 c5 2. Nf3 g6 3. c3 Bg7 4. d4 cxd4 5. cxd4 d6 6. Bc4 Bg4 7. Be3 Nd7 8.
Bxf7+ Kxf7 9. Ng5+ Ke8 10. Qxg4 Ngf6 11. Qd1 h6 12. Ne6 Qa5+ 13. Bd2 Qb6
14. Nxg7+ Kf7 15. O-O Kxg7 16. Re1 Rhf8 17. Bc3 e5 18. Na3 Rac8 19. Nc2 h5
20. Qd3 Ng4 21. f3 Nc5 22. Qd1 exd4 23. Bxd4+ Nf6 24. b4 Qc7 25. bxc5 dxc5
26. Bxf6+ Rxf6 27. Ne3 Rcf8 28. Nd5 Qe5 29. Nxf6 Qxf6 30. Rb1 b6 31. Qa4 a5
32. Red1 Kh8 33. Qb5 Rb8 34. Qd7 Rf8 35. Rd6 Qc3 36. Rdxb6 c4 37. Rb8 Qe3+
38. Kh1 { Black resigns } 1-0

[Event "ICC tourney 2217 (45 10)"]
[Site "Internet Chess Club"]
[Date "2020.12.19"]
[Round "3"]
[White "JudeNYC"]
[Black "theSwishyj"]
[Result "1-0"]
[ICCResult "Black checkmated"]
[WhiteElo "1581"]
[BlackElo "838"]
[Opening "French defense"]
[ECO "C00"]
[NIC "FR.01"]
[Time "15:01:34"]
[PlyCount "67"]
[TimeControl "2700+10"]

1. e4 e6 2. Nf3 d5 3. e5 Ne7 4. d4 c5 5. c3 Ng6 6. Bd3 Nd7 7. O-O Qb6 8.
Qc2 Be7 9. Bg5 Ndf8 10. Bxe7 Nxe7 11. Na3 a6 12. Rab1 Bd7 13. b4 c4 14.
Bxc4 dxc4 15. Nxc4 Qc7 16. Nd6+ Kd8 17. Nxf7+ Kc8 18. Nxh8 Be8 19. Ng5 Nfg6
20. Nxg6 Bxg6 21. Ne4 Qc6 22. f3 Nd5 23. Qd2 Bxe4 24. fxe4 Nxc3 25. Rbc1
Qxe4 26. Qxc3+ Kb8 27. Rf8+ Ka7 28. Qc5+ b6 29. Qe7+ Qb7 30. Rc7 a5 31.
Rxa8+ Kxa8 32. Rxb7 axb4 33. Ra7+ Kb8 34. Qc7# { Black checkmated } 1-0

[Event "ICC tourney 2217 (45 10)"]
[Site "Internet Chess Club"]
[Date "2020.12.19"]
[Round "3"]
[White "stephenwilly"]
[Black "narayan0811"]
[Result "1-0"]
[ICCResult "Black checkmated"]
[WhiteElo "1496"]
[BlackElo "1356"]
[Opening "French defense, Steiner variation"]
[ECO "C00"]
[NIC "FR.01"]
[Time "15:01:22"]
[PlyCount "85"]
[TimeControl "2700+10"]

1. e4 e6 2. c4 d5 3. cxd5 exd5 4. exd5 Qxd5 5. Nc3 Qd8 6. d4 Nf6 7. Nf3 Bd6
8. Bd3 O-O 9. O-O Nc6 10. h3 Bb4 11. Bg5 Be7 12. Re1 Be6 13. Rc1 Kh8 14.
Be4 Nxe4 15. Nxe4 Bd5 16. Bxe7 Qxe7 17. Nc3 Bxf3 18. Qxf3 Qd6 19. d5 Ne5
20. Qe4 Rae8 21. Nb5 Qb6 22. Nxc7 Re7 23. Ne6 fxe6 24. Qxe5 Qxf2+ 25. Kh1
Qb6 26. Rf1 Rd8 27. d6 Ree8 28. Rc7 Rg8 29. Rd1 Qxc7 30. dxc7 Rxd1+ 31. Kh2
Rc1 32. Qd6 h6 33. Qd8 Kh7 34. a4 b6 35. b4 a6 36. Qb8 b5 37. a5 Rc4 38.
Kg3 h5 39. Qb6 h4+ 40. Kh2 Rxb4 41. Qxa6 Rc4 42. Qxb5 Rxc7 43. Qh5# { Black
checkmated } 1-0

[Event "ICC tourney 2217 (45 10)"]
[Site "Internet Chess Club"]
[Date "2020.12.19"]
[Round "3"]
[White "Checkm8ter"]
[Black "dangdang2000"]
[Result "1-0"]
[ICCResult "Black checkmated"]
[WhiteElo "1630"]
[BlackElo "1326"]
[Opening "QGD: Orthodox defense, Botvinnik variation"]
[ECO "D60"]
[NIC "QO.12"]
[Time "15:01:23"]
[PlyCount "73"]
[TimeControl "2700+10"]

1. d4 d5 2. c4 e6 3. Nc3 Nf6 4. Bg5 Be7 5. e3 O-O 6. Nf3 Nbd7 7. Bd3 c5 8.
Qc2 Re8 9. cxd5 exd5 10. dxc5 Bxc5 11. Nxd5 Qa5+ 12. Nc3 h6 13. h4 Nd5 14.
Bc4 Nxc3 15. bxc3 Ne5 16. Nxe5 Rxe5 17. Bxh6 Bf5 18. Qb3 gxh6 19. Bxf7+ Kg7
20. O-O b6 21. Bh5 Be6 22. Qd1 Rf8 23. Bg4 Bc4 24. Re1 Rd5 25. Qc2 Rd3 26.
Be2 Rxc3 27. Qe4 Bxe2 28. Rxe2 Bd6 29. Qd4+ Rf6 30. Qg4+ Rg6 31. Qd7+ Kh8
32. Rd1 Qc5 33. Red2 Rc1 34. Qe8+ Rg8 35. Qe6 Rxd1+ 36. Rxd1 Qc6 37. Qxh6#
{ Black checkmated } 1-0

[Event "ICC tourney 2217 (45 10)"]
[Site "Internet Chess Club"]
[Date "2020.12.19"]
[Round "3"]
[White "hello12"]
[Black "AbnormalPlot"]
[Result "0-1"]
[ICCResult "White resigns"]
[WhiteElo "1475"]
[BlackElo "1616"]
[Opening "French: Tarrasch, open variation"]
[ECO "C07"]
[NIC "FR.18"]
[Time "15:01:22"]
[PlyCount "72"]
[TimeControl "2700+10"]

1. e4 e6 2. d4 d5 3. Nd2 c5 4. c3 Nc6 5. Ngf3 Qb6 6. exd5 exd5 7. Nb3 c4 8.
Nbd2 Be7 9. Be2 a5 10. a4 Nf6 11. Nf1 O-O 12. Ng3 Bd6 13. Qc2 Re8 14. Bg5
Ne4 15. Be3 Bxg3 16. hxg3 Bf5 17. Qc1 Qc7 18. Ng5 Nxg3 19. Rh4 f6 20. Nf3
g5 21. Rh6 Kg7 22. Rh2 Bg4 23. Nxg5 fxg5 24. Bxg4 Ne2 25. Rxh7+ Kxh7 26.
Kxe2 Qh2 27. Qc2+ Re4 28. Bf3 Re8 29. g3 Kg7 30. Rh1 Rxe3+ 31. Kd2 Qxf2+
32. Kc1 Re1+ 33. Rxe1 Rxe1+ 34. Bd1 Qxg3 35. Qd2 Qe3 36. Qxe3 Rxe3 { White
resigns } 0-1

[Event "ICC tourney 2217 (45 10)"]
[Site "Internet Chess Club"]
[Date "2020.12.19"]
[Round "3"]
[White "bsarvagnya"]
[Black "adma2028"]
[Result "1-0"]
[ICCResult "Black checkmated"]
[WhiteElo "1276"]
[BlackElo "1420"]
[Opening "Giuoco Piano"]
[ECO "C54"]
[NIC "IG.02"]
[Time "15:02:15"]
[PlyCount "101"]
[TimeControl "2700+10"]

1. e4 e5 2. Nf3 Nc6 3. Bc4 Bc5 4. c3 Nf6 5. d4 exd4 6. cxd4 Bb4+ 7. Bd2
Bxd2+ 8. Nbxd2 d5 9. exd5 Nxd5 10. Nb3 Nf4 11. O-O O-O 12. Qd2 Qf6 13. Nc5
b6 14. Ne4 Qh6 15. Ng3 Bg4 16. Qe3 Bxf3 17. Qxf3 Nxd4 18. Qe4 Nde6 19. Nf5
Qg5 20. g3 g6 21. Ne3 Rfe8 22. Kh1 Nh3 23. Bxe6 Rxe6 24. Qxa8+ Kg7 25. Qg2
Qh5 26. Rae1 Ng5 27. Nc2 Rf6 28. Nd4 c5 29. g4 Qh4 30. Ne2 Nh3 31. Ng3 Nf4
32. Qe4 Qxg4 33. Ne2 g5 34. Nxf4 Rxf4 35. Qe5+ f6 36. Qe2 Qf5 37. Qe7+ Kg6
38. Qe8+ Kh6 39. Qf8+ Kh5 40. Qf7+ Kh4 41. Re2 h5 42. Qe6 Qh7 43. Qe3 Qb7+
44. f3 Rg4 45. Qf2+ Kh3 46. Rg1 Rxg1+ 47. Kxg1 Qc7 48. Re3 Qf4 49. Qg2+ Kh4
50. Re4 f5 51. Qg3# { Black checkmated } 1-0

[Event "ICC tourney 2217 (45 10)"]
[Site "Internet Chess Club"]
[Date "2020.12.19"]
[Round "3"]
[White "RishiMurali"]
[Black "BulbasaurMaster"]
[Result "1/2-1/2"]
[ICCResult "Game drawn by mutual agreement"]
[WhiteElo "1664"]
[BlackElo "1408"]
[Opening "QGD semi-Slav: 5...Nd7"]
[ECO "D45"]
[NIC "SL.08"]
[Time "15:01:21"]
[PlyCount "102"]
[TimeControl "2700+10"]

1. d4 d5 2. c4 c6 3. e3 Nf6 4. Nc3 e6 5. Nf3 Nbd7 6. cxd5 Nxd5 7. Nxd5 exd5
8. Bd3 Nf6 9. h3 Bd6 10. a3 O-O 11. O-O Re8 12. Re1 Ne4 13. Nd2 Qg5 14. Qf3
Bf5 15. g4 Bg6 16. Bxe4 dxe4 17. Qg2 Re6 18. f3 Qh4 19. Rf1 f5 20. fxe4
fxe4 21. Nc4 Rf8 22. Rxf8+ Kxf8 23. Nxd6 Rxd6 24. Bd2 Rf6 25. Bb4+ Kf7 26.
Rf1 Ke6 27. Qh2 Kd7 28. Rc1 h5 29. d5 hxg4 30. dxc6+ bxc6 31. Qd2+ Ke8 32.
Ba5 Qg3+ 33. Kh1 Qxh3+ 34. Kg1 Qg3+ 35. Kh1 Qf3+ 36. Kg1 g3 37. Rd1 Qf2+
38. Qxf2 gxf2+ 39. Kg2 Bh5 40. Rf1 Rf3 41. Bd2 Kd7 42. Rxf2 Rxf2+ 43. Kxf2
Bf3 44. Bc3 g5 45. Kg3 Ke6 46. Bd4 a6 47. Kh3 Kf5 48. Kg3 g4 49. Kf2 Kg5
50. Kg3 Kh5 51. Bc5 Kg5 { Game drawn by mutual agreement } 1/2-1/2

[Event "ICC tourney 2217 (45 10)"]
[Site "Internet Chess Club"]
[Date "2020.12.19"]
[Round "3"]
[White "Mannansh"]
[Black "Abror"]
[Result "0-1"]
[ICCResult "White resigns"]
[WhiteElo "1257"]
[BlackElo "1635"]
[Opening "Sicilian: Smith-Morra gambit"]
[ECO "B21"]
[NIC "SI.48"]
[Time "15:01:23"]
[PlyCount "54"]
[TimeControl "2700+10"]

1. e4 c5 2. d4 cxd4 3. c3 dxc3 4. Nxc3 e6 5. Nf3 Nc6 6. Bc4 a6 7. O-O Nge7
8. Bf4 Ng6 9. Bg3 Be7 10. e5 O-O 11. Qe2 b5 12. Bd3 Bb7 13. Rfd1 Nb4 14.
Be4 Bxe4 15. Qxe4 Nc6 16. Rd2 Qc7 17. Rad1 Rfd8 18. Qe2 Na5 19. Rc2 Rac8
20. Rcc1 b4 21. Ne4 Qxc1 22. Rxc1 Rxc1+ 23. Ne1 b3 24. axb3 Bb4 25. f3 Nxb3
26. Nd6 Nf4 27. Qe3 Bc5 { White resigns } 0-1

[Event "ICC tourney 2217 (45 10)"]
[Site "Internet Chess Club"]
[Date "2020.12.19"]
[Round "3"]
[White "EricCheng-131"]
[Black "handsomematch"]
[Result "0-1"]
[ICCResult "White resigns"]
[WhiteElo "914"]
[BlackElo "1226"]
[Opening "Giuoco Piano"]
[ECO "C54"]
[NIC "IG.02"]
[Time "15:01:27"]
[PlyCount "100"]
[TimeControl "2700+10"]

1. e4 e5 2. Nf3 Nc6 3. Bc4 Bc5 4. c3 Nf6 5. d4 exd4 6. cxd4 Bb4+ 7. Bd2
Nxe4 8. Bxb4 Nxb4 9. Bxf7+ Kxf7 10. Qb3+ d5 11. Qxb4 Rf8 12. Ne5+ Kg8 13.
O-O Qg5 14. Qb3 Be6 15. Qxb7 Rab8 16. Qc6 Qf6 17. f3 Nd6 18. b3 Nf7 19.
Nxf7 Rxf7 20. Qc3 Re8 21. Re1 Qg6 22. Na3 Ref8 23. Kh1 Qf6 24. Re5 h6 25.
Rae1 Bg4 26. h3 Bd7 27. Rxd5 Qh4 28. Ree5 Qg3 29. Rh5 Rxf3 30. gxf3 Rxf3
31. Qc1 Bc6 32. Rd8+ Kh7 33. Qc2+ g6 34. Rxh6+ Kxh6 35. Qc1+ Re3+ 36. d5
Qf3+ 37. Kg1 Qg3+ 38. Kf1 Qxh3+ 39. Kf2 Qg3+ 40. Kf1 Qf4+ 41. Kg1 Rg3+ 42.
Kh2 Qxc1 43. Kxg3 Qg5+ 44. Kh3 Qxd8 45. dxc6 Qd3+ 46. Kg2 Qe4+ 47. Kf2 Qf4+
48. Kg2 Qg5+ 49. Kf2 Qc5+ 50. Kg2 Qxa3 { White resigns } 0-1

[Event "ICC tourney 2217 (45 10)"]
[Site "Internet Chess Club"]
[Date "2020.12.19"]
[Round "4"]
[White "adma2028"]
[Black "Jeffchess"]
[Result "1-0"]
[ICCResult "Black checkmated"]
[WhiteElo "1420"]
[BlackElo "1254"]
[Opening "Caro-Kann defense"]
[ECO "B12"]
[NIC "QO.17"]
[Time "17:31:57"]
[PlyCount "69"]
[TimeControl "2700+10"]

1. d4 c6 2. e4 e6 3. Nf3 d5 4. e5 c5 5. c3 c4 6. Nbd2 a5 7. b3 a4 8. bxc4
Qa5 9. Bb2 a3 10. Bc1 dxc4 11. Nxc4 Qxc3+ 12. Bd2 Qb2 13. Nxb2 axb2 14. Rb1
Rxa2 15. Qb3 Ra1 16. Qxb2 Ra8 17. Bb5+ Nd7 18. Bxd7+ Bxd7 19. Qxb7 Rc8 20.
O-O Nh6 21. Bxh6 gxh6 22. Rfc1 Rd8 23. Nd2 Be7 24. Ne4 O-O 25. Nf6+ Bxf6
26. exf6 Kh8 27. Qf3 Rg8 28. h3 Rg6 29. Rc7 e5 30. Rxd7 Rxd7 31. Rb8+ Rg8
32. Rxg8+ Kxg8 33. Qg4+ Kf8 34. Qxd7 exd4 35. Qd8# { Black checkmated } 1-0

[Event "ICC tourney 2217 (45 10)"]
[Site "Internet Chess Club"]
[Date "2020.12.19"]
[Round "4"]
[White "EricCheng-131"]
[Black "aChessRookie"]
[Result "0-1"]
[ICCResult "White checkmated"]
[WhiteElo "914"]
[BlackElo "1202"]
[Opening "Giuoco Piano"]
[ECO "C54"]
[NIC "IG.02"]
[Time "17:31:55"]
[PlyCount "36"]
[TimeControl "2700+10"]

1. e4 e5 2. Nf3 Nc6 3. Bc4 Bc5 4. c3 Nf6 5. d4 exd4 6. cxd4 Bb4+ 7. Bd2
Nxe4 8. Bxb4 Nxb4 9. Bxf7+ Kxf7 10. Qb3+ d5 11. Qxb4 Rf8 12. O-O Kg8 13.
Qb3 c6 14. Re1 Kh8 15. Nc3 Rxf3 16. gxf3 Qg5+ 17. Kf1 Bh3+ 18. Ke2 Qd2# {
White checkmated } 0-1

[Event "ICC tourney 2217 (45 10)"]
[Site "Internet Chess Club"]
[Date "2020.12.19"]
[Round "4"]
[White "cohaji"]
[Black "bsarvagnya"]
[Result "0-1"]
[ICCResult "White checkmated"]
[WhiteElo "1500"]
[BlackElo "1276"]
[Opening "Giuoco Piano"]
[ECO "C50"]
[NIC "IG.02"]
[Time "17:32:03"]
[PlyCount "42"]
[TimeControl "2700+10"]

1. e4 e5 2. Nf3 Nc6 3. Bc4 Bc5 4. O-O Nf6 5. d3 h6 6. Re1 d6 7. h3 O-O 8.
Nc3 Nd4 9. Nxd4 Bxd4 10. Nb5 Bc5 11. Be3 Bb6 12. a4 Bc5 13. Bxc5 dxc5 14.
Nc3 Be6 15. Bxe6 fxe6 16. Qb1 Nh5 17. Ne2 Qg5 18. f3 Rxf3 19. Qa2 Re8 20.
Kh2 Rf2 21. h4 Qxg2# { White checkmated } 0-1